 Dungeon Crawl Stone Soup version 0.31.0-11-ge490571c62 (webtiles) character file.

Game seed: 18063120734269131439

7415 Ashen the Covert (level 11, -20/73 (81) HPs)
             Began as a Gnoll Enchanter on Feb 5, 2024.
             Was a Follower of Uskayaw.
             Demolished by a spectral orc warlord
             ... wielding a +2 great mace of protection
             ... summoned by Nergalle
              (26 damage)
             ... on level 10 of the Dungeon.
             The game lasted 00:33:08 (12690 turns).

Ashen the Covert (Gnoll Enchanter)                 Turns: 12690, Time: 00:33:08

HP:   -20/73 (81)   AC:  6    Str:  7    XL:     11   Next: 14%
MP:   12/23         EV: 18    Int: 15    God:    Uskayaw [*.....]
Gold: 510           SH:  0    Dex: 23    Spells: 8/26 levels left

rFire   . . .        y - +5 dagger
rCold   . . .        (no shield)
rNeg    . . .        m - +1 animal skin
rPois   .            n - +0 helmet
rElec   .            g - +0 cloak
rCorr   .            (no gloves)
SInv    .            (no boots)
Will    .....        (no amulet)
Stlth   ++++         s - ring of flight
HPRegen 0.32/turn    I - +6 ring of dexterity
MPRegen 0.18/turn

%: no passive effects
@: flying, drained
A: fangs 1, strong nose, distributed training
a: Renounce Religion, Stomp


You were on level 10 of the Dungeon.
You worshipped Uskayaw.
Uskayaw was noncommittal.
You visited 2 branches of the dungeon, and saw 11 of its levels.
You also visited: Ossuary.

You collected 510 gold pieces.

Inventory:

Hand Weapons
 y - a +5 dagger (weapon)
 D - a +4 dire flail of freezing
Missiles
 H - 6 poisoned darts (quivered)
Armour
 g - a +0 cloak (worn)
 m - a +1 animal skin (worn)
 n - a +0 helmet (worn)
Jewellery
 s - a ring of flight (left hand)
 I - a +6 ring of dexterity (right hand)
Wands
 a - a wand of flame (27)
 r - a wand of polymorph (9)
 t - a wand of paralysis (12)
Scrolls
 d - 7 scrolls of identify {unknown}
 h - 2 scrolls of blinking {unknown}
 k - a scroll of enchant weapon {unknown}
 l - 2 scrolls of amnesia {unknown}
 o - 4 scrolls of fear {unknown}
 p - a scroll of vulnerability {unknown}
 u - 7 scrolls of teleportation {unknown}
 v - 2 scrolls of poison {unknown}
 x - a scroll of immolation {unknown}
 z - 3 scrolls of noise {unknown}
 C - a scroll of silence {unknown}
 E - 3 scrolls of fog {unknown}
Potions
 b - 3 potions of brilliance {unknown}
 c - 2 potions of invisibility
 e - 3 potions of haste {unknown}
 f - 5 potions of might
 i - 2 potions of attraction {unknown}
 j - 2 potions of cancellation {unknown}
 q - 2 potions of degeneration {unknown}
 w - 2 potions of heal wounds {unknown}
 A - 4 potions of lignification {unknown}
 B - 2 potions of curing {unknown}
 F - a potion of resistance {unknown}


   Skills:
 + Level 6.2 Fighting
 + Level 6.8 Short Blades
 + Level 6.2 Long Blades
 + Level 6.2 Axes
 + Level 6.2 Maces & Flails
 + Level 6.2 Polearms
 + Level 6.2 Staves
 + Level 6.2 Ranged Weapons
 + Level 6.2 Throwing
 + Level 6.2 Armour
 + Level 7.8 Dodging
 + Level 8.7 Stealth
 + Level 6.2 Shields
 + Level 6.2 Unarmed Combat
 + Level 8.1 Spellcasting
 + Level 5.1 Conjurations
 + Level 7.6 Hexes
 + Level 5.1 Summonings
 + Level 5.1 Necromancy
 + Level 5.1 Translocations
 + Level 5.1 Fire Magic
 + Level 5.1 Ice Magic
 + Level 5.1 Air Magic
 + Level 5.1 Earth Magic
 + Level 5.1 Alchemy
 + Level 6.8 Invocations
 + Level 6.2 Evocations
 + Level 5.7 Shapeshifting


You had 8 spell levels left.
You knew the following spells:

 Your Spells              Type           Power      Damage    Failure   Level
a - Ensorcelled Hibernat  Hex/Ice        50%        N/A       1%          2
b - Confusing Touch       Hex            29%        N/A       1%          3
c - Tukima's Dance        Hex            29%        N/A       1%          3
d - Dazzling Flash        Conj/Hex       50%        N/A       2%          3
e - Blink                 Tloc           42%        N/A       2%          2
f - Metabolic Englaciati  Hex/Ice        12%        N/A       24%         5

Your spell library contained the following spells:

 Spells                   Type           Power      Damage    Failure   Level
 Call Imp                 Summ           42%        N/A       2%          2
 Lesser Beckoning         Tloc           42%        N/A       2%          2
 Momentum Strike          Conj/Tloc      42%        3d9       2%          2
 Sublimation of Blood     Necr           21%        N/A       2%          2
 Frozen Ramparts          Ice            42%        1d7       4%          3
 Gell's Gravitas          Tloc           21%        N/A       4%          3
 Teleport Other           Tloc           21%        N/A       4%          3
 Leda's Liquefaction      Alch/Erth      10%        N/A       14%         4
 Petrify                  Alch/Erth      21%        N/A       14%         4
 Dispersal                Tloc           10%        N/A       91%         6
 Summon Hydra             Summ           10%        N/A       100%        7


Dungeon Overview and Level Annotations

Branches:
Dungeon (10/15)            Temple (1/1) D:5         Ossuary (visited)
   Lair: D:8-11         Orc: D:9-12

Altars:
Ashenzari
Cheibriados
Dithmenos
Elyvilon
Fedhas
Gozag
Hepliaklqana
Kikubaaqudgha
Makhleb
Nemelex Xobeh
Okawaru
Qazlal
Ru
Sif Muna
Trog
Uskayaw
Vehumet
Wu Jian
Xom
Yredelemnul
Zin
The Shining One

Annotations:
D:6 2 transporters, NitroKuite's ghost, novice TrMo
D:8 2 runed translucent doors, exclusion: orange demon, Amaemon
D:10 Nergalle


Innate Abilities, Weirdness & Mutations

You have very sharp teeth.
Your uncanny sense of smell can sniff out nearby items.
Your experience applies equally to all skills.


Message History

Okay, then.
Casting: Ensorcelled Hibernation (safe; 1% risk of failure)
Confirm with . or Enter, or press ? or * to list all spells.
Casting: Dazzling Flash (mildly dangerous; 2% risk of failure)
Press: ? - help, Dir - look around, f - activate Look: Nergalle, wielding a +0 dagger and wearing a +0 robe (chance to dazzle: 44%)
The spectral orc warlord completely misses you.
Nergalle closely misses you.
Casting: Dazzling Flash (mildly dangerous; 2% risk of failure)
Confirm with . or Enter, or press ? or * to list all spells.
Casting: Dazzling Flash (mildly dangerous; 2% risk of failure)
Press: ? - help, Dir - look around, f - activate The spectral orc warlord misses you.
Nergalle misses you.
Casting: Dazzling Flash (mildly dangerous; 2% risk of failure)
Confirm with . or Enter, or press ? or * to list all spells.
Casting: Dazzling Flash (mildly dangerous; 2% risk of failure)
Press: ? - help, Dir - look around, f - activate The spectral orc warlord completely misses you.
Nergalle hits you but does no damage.
Casting: Dazzling Flash (mildly dangerous; 2% risk of failure)
Confirm with . or Enter, or press ? or * to list all spells.
Casting: Dazzling Flash (mildly dangerous; 2% risk of failure)
Press: ? - help, Dir - look around, f - activate Nergalle is dazzled.
The spectral orc warlord barely misses you.
Nergalle closely misses you.
You hit Nergalle but do no damage.
The spectral orc warlord hits you with a +2 great mace of protection!
Nergalle barely misses you.
You hit Nergalle.
Nergalle is lightly wounded.
You puncture Nergalle!
Nergalle is lightly wounded.
The spectral orc warlord hits you with a +2 great mace of protection!!
* * * LOW HITPOINT WARNING * * *
You feel drained.
* * * LOW HITPOINT WARNING * * *
The spectral orc warlord attacks as it pursues you!
The spectral orc warlord hits you with a +2 great mace of protection!!
You die...

#.# #.# # . #.# #.# .#
.. ###.# #.# .#.
###########.#.###.#.[.
.........#.....##.#.##∆
########..<.......o..#
#.#.....##.#..#
#.##.##.##Z# #
#.......>@.#
####.##.#### #.##.#####
#..)...... #..######
#..# #..# #..# ### #..#
#..


You could see Nergalle (blind, unable to see you) and a spectral orc warlord
(summoned).

Vanquished Creatures
  Pikel (D:5)
  A hornet (D:9)
  Grinder (D:3)
  Sigmund (D:3)
  A wyvern (D:9)
  A yak (D:8)
  Eustachio (D:6)
  A steam dragon (D:7)
  Edmund (D:4)
  Duvessa (D:4)
  2 water moccasins
  4 orc warriors
  A sky beast (D:6)
  4 ice beasts
  A black bear (D:6)
  A wolf (D:8)
  4 centaurs
  A lemure (D:4)
  3 kobold brigands
  3 phantoms (D:4)
  4 scorpions
  A bullfrog (D:8)
  10 wights
  Dowan (D:4)
  8 killer bees
  2 howler monkeys
  2 bullfrog zombies (Ossuary)
  A hound (D:6)
  A human zombie (D:5)
  2 orc priests
  A jelly (D:4)
  10 mummies (Ossuary)
  2 sleepcaps (D:6)
  Jessica (D:3)
  6 iguanas
  11 orc wizards
  Natasha (thrice) (D:3)
  A killer bee zombie (Ossuary)
  3 crocodile zombies (Ossuary)
  3 centaur simulacra
  3 hound zombies (Ossuary)
  A howler monkey zombie (Ossuary)
  Robin (D:3)
  9 gnolls
  9 adders
  4 white imps
  A howler monkey simulacrum (D:8)
  2 ufetubi (D:5)
  5 dart slugs
  4 ribbon worms
  24 orcs
  7 ball pythons
  6 endoplasms
  4 giant cockroaches
  A gnoll zombie (D:5)
  15 goblins
  10 hobgoblins
  2 quokkas
  3 ball python zombies (Ossuary)
  4 bats
  A frilled lizard (D:1)
  12 kobolds
  4 rats
  A rat zombie (D:5)
240 creatures vanquished.

Vanquished Creatures (collateral kills)
  A two-headed ogre (D:9)
  An ogre (D:7)
  A wight (D:7)
3 creatures vanquished.

Vanquished Creatures (others)
  2 dancing weapons (D:9)
2 creatures vanquished.

Grand Total: 245 creatures vanquished

Notes
Turn   | Place    | Note
-------+----------+-------------------------------------------
     0 | D:1      | Ashen the Gnoll Enchanter began the quest for the Orb.
     0 | D:1      | Reached XP level 1. HP: 13/13 MP: 6/6
   231 | D:1      | Reached XP level 2. HP: 19/19 MP: 7/7
   397 | D:1      | Learned a level 2 spell: Ensorcelled Hibernation
   565 | D:1      | Reached skill level 5 in Spellcasting
   565 | D:1      | Reached XP level 3. HP: 21/25 MP: 7/9
   930 | D:2      | Found a shimmering blue altar of Sif Muna.
  1003 | D:2      | Reached skill level 1 in Invocations
  1039 | D:2      | Reached skill level 1 in Fighting
  1039 | D:2      | Reached skill level 1 in Long Blades
  1039 | D:2      | Reached skill level 1 in Axes
  1039 | D:2      | Reached skill level 1 in Maces & Flails
  1039 | D:2      | Reached skill level 1 in Polearms
  1039 | D:2      | Reached skill level 1 in Staves
  1039 | D:2      | Reached skill level 1 in Ranged Weapons
  1039 | D:2      | Reached skill level 1 in Throwing
  1039 | D:2      | Reached skill level 1 in Armour
  1039 | D:2      | Reached skill level 1 in Shields
  1039 | D:2      | Reached skill level 1 in Unarmed Combat
  1039 | D:2      | Reached skill level 1 in Evocations
  1309 | D:2      | Reached skill level 1 in Shapeshifting
  1309 | D:2      | Reached XP level 4. HP: 32/32 MP: 11/11
  1606 | D:2      | Reached skill level 1 in Conjurations
  1606 | D:2      | Reached skill level 1 in Summonings
  1606 | D:2      | Reached skill level 1 in Necromancy
  1606 | D:2      | Reached skill level 1 in Translocations
  1606 | D:2      | Reached skill level 1 in Fire Magic
  1606 | D:2      | Reached skill level 1 in Ice Magic
  1606 | D:2      | Reached skill level 1 in Air Magic
  1606 | D:2      | Reached skill level 1 in Earth Magic
  1606 | D:2      | Reached skill level 1 in Alchemy
  1801 | D:3      | Noticed Grinder
  1813 | D:3      | Paralysed by Grinder for 4 turns
  1824 | D:2      | Learned a level 3 spell: Confusing Touch
  1828 | D:2      | Learned a level 3 spell: Tukima's Dance
  1832 | D:2      | Learned a level 3 spell: Dazzling Flash
  1835 | D:2      | Learned a level 2 spell: Blink
  1990 | D:3      | Noticed Robin
  2030 | D:3      | Killed Robin
  2031 | D:3      | Reached XP level 5. HP: 18/37 MP: 4/12
  2382 | D:3      | Noticed Natasha
  2394 | D:3      | Killed Natasha
  2667 | D:3      | Noticed Jessica
  2673 | D:3      | Killed Jessica
  2674 | D:3      | Reached XP level 6. HP: 44/44 MP: 11/14
  2713 | D:3      | Noticed Natasha
  2722 | D:3      | Killed Natasha
  2723 | D:3      | Reached skill level 5 in Dodging
  2782 | D:3      | Noticed Sigmund
  2865 | D:3      | Noticed Natasha
  2870 | D:3      | Killed Natasha
  2986 | D:3      | Killed Sigmund
  2987 | D:3      | Reached XP level 7. HP: 51/51 MP: 10/15
  3482 | D:3      | Killed Grinder
  4594 | D:4      | Reached XP level 8. HP: 44/58 MP: 10/16
  4650 | D:4      | Noticed Edmund
  4882 | D:4      | Killed Edmund
  5024 | D:4      | Noticed Duvessa
  5025 | D:4      | Noticed Dowan
  5036 | D:4      | Killed Duvessa
  5042 | D:4      | Killed Dowan
  5525 | D:5      | Entered Level 5 of the Dungeon
  5525 | D:5      | Found a sand-covered staircase.
  5556 | Ossuary  | Entered an ossuary
  6045 | Ossuary  | Reached XP level 9. HP: 63/65 MP: 12/18
  6410 | D:5      | Noticed Pikel
  6554 | D:5      | Reached skill level 5 in Short Blades
  6751 | D:5      | Found a radiant altar of Vehumet.
  6785 | D:5      | Killed Pikel
  6786 | D:5      | Reached skill level 5 in Invocations
  7099 | D:5      | Found a staircase to the Ecumenical Temple.
  7280 | Temple   | Entered the Ecumenical Temple
  7284 | Temple   | Became a worshipper of Uskayaw the Reveller
  7354 | D:6      | Reached * piety under Uskayaw
  7392 | D:6      | Found a transporter.
  7459 | D:6      | Reached ** piety under Uskayaw
  7467 | D:6      | Reached *** piety under Uskayaw
  7573 | D:6      | Found a transporter.
  7573 | D:6      | Noticed a two-headed ogre
  7574 | D:6      | Noticed NitroKuite's ghost (novice TrMo)
  8023 | D:6      | Noticed Eustachio
  8025 | D:6      | Killed Eustachio
  8026 | D:6      | Reached skill level 5 in Fighting
  8026 | D:6      | Reached skill level 5 in Long Blades
  8026 | D:6      | Reached skill level 5 in Axes
  8026 | D:6      | Reached skill level 5 in Maces & Flails
  8026 | D:6      | Reached skill level 5 in Polearms
  8026 | D:6      | Reached skill level 5 in Staves
  8026 | D:6      | Reached skill level 5 in Ranged Weapons
  8026 | D:6      | Reached skill level 5 in Throwing
  8026 | D:6      | Reached skill level 5 in Armour
  8026 | D:6      | Reached skill level 5 in Shields
  8026 | D:6      | Reached skill level 5 in Unarmed Combat
  8026 | D:6      | Reached skill level 5 in Evocations
  8026 | D:6      | Reached XP level 10. HP: 74/74 MP: 20/20
  8433 | D:7      | Found a glowing golden altar of the Shining One.
  8460 | D:7      | Reached **** piety under Uskayaw
  8956 | D:7      | Found a shimmering altar of Xom.
  9444 | D:8      | Reached skill level 5 in Shapeshifting
  9570 | D:8      | Noticed an orange demon
  9840 | D:8      | Found a snail-covered altar of Cheibriados.
 10072 | D:8      | Found a large runed translucent door.
 10074 | D:8      | Found a large runed translucent door.
 10076 | D:8      | Found a shimmering altar of Xom.
 10076 | D:8      | Noticed a red ugly thing
 10240 | D:8      | Identified the +1 dagger of Icin {chaos, rCorr Stlth+}
 10240 | D:8      | Identified the +0 robe "Nofuw" {Rampage Int+3 Archmagi}
 10240 | D:8      | Noticed a kobold demonologist
 10240 | D:8      | Noticed a kobold demonologist
 10657 | D:8      | Noticed Amaemon
 10839 | D:9      | Found a broken altar of Ashenzari.
 11194 | D:9      | Learned a level 5 spell: Metabolic Englaciation
 11764 | D:9      | Identified the +5 glaive "Oskuuroz" {drain, +Blink Stlth+}
 12174 | D:9      | Noticed a two-headed ogre
 12186 | D:9      | Killed a two-headed ogre
 12187 | D:9      | Reached skill level 5 in Conjurations
 12187 | D:9      | Reached skill level 5 in Summonings
 12187 | D:9      | Reached skill level 5 in Necromancy
 12187 | D:9      | Reached skill level 5 in Translocations
 12187 | D:9      | Reached skill level 5 in Fire Magic
 12187 | D:9      | Reached skill level 5 in Ice Magic
 12187 | D:9      | Reached skill level 5 in Air Magic
 12187 | D:9      | Reached skill level 5 in Earth Magic
 12187 | D:9      | Reached skill level 5 in Alchemy
 12187 | D:9      | Reached XP level 11. HP: 81/81 MP: 12/23
 12407 | D:10     | Entered Level 10 of the Dungeon
 12675 | D:10     | Noticed Nergalle
 12680 | D:10     | Noticed a spectral orc warlord
 12690 | D:10     | Demolished by a spectral orc warlord

Illustrated notes

Levels and vault maps discovered:
D:1:      lightli_arrival_isolated_outpost, layout_basic
D:2:      layout_loops_ring, basic_altar
D:3:      layout_basic, chequers_serial_rivers_micro_b, uniq_sigmund,
          uniq_natasha, uniq_grinder, uniq_jessica, uniq_robin
D:4:      layout_basic, hangedman_abyss_or_decor_jellyfish_corner,
          serial_bayou_pond_c, uniq_edmund, uniq_duvessa
D:5:      layout_cave_pools, vehumet_altar_wand_db, temple_green,
          enter_ossuary_3, nicolae_letterblocks [nicolae_letter_subblock,
          nicolae_letter_subblock, nicolae_letter_subblock,
          nicolae_letter_subblock, nicolae_letter_subblock,
          nicolae_letter_subblock, nicolae_letter_subblock,
          nicolae_letter_subblock, nicolae_letter_subblock,
          nicolae_letter_subblock, nicolae_letter_subblock,
          nicolae_letter_subblock, nicolae_letter_subblock,
          nicolae_letter_subblock, nicolae_letter_subblock,
          nicolae_letter_subblock, nicolae_letter_subblock,
          nicolae_letter_subblock, nicolae_letter_subblock,
          nicolae_letter_subblock, nicolae_letter_subblock,
          nicolae_letter_subblock, nicolae_letter_subblock,
          nicolae_letter_subblock, nicolae_letter_subblock], uniq_pikel
D:6:      layout_basic, gammafunk_ghost_smash, uniq_eustachio
D:7:      layout_loops_ring, tso_oasis_becter, xom_butterflies
D:8:      due_chaos_kobolds, layout_gridville, slow_altar_1, serial_ice,
          serial_ice_e, serial_ice_h, serial_ice_c, serial_ice_o, uniq_amaemon
D:9:      layout_layer_cave, nicolae_ashenzari_skybound,
          kennysheep_generic_room_7
D:10:     layout_loops_ring, dpeg_lair_monsters, uniq_lodul, uniq_nergalle,
          uniq_harold, uniq_maurice, uniq_grum
Temple:   sentei_temple_godly_chess

Skill      XL: |  1  2  3  4  5  6  7  8  9 10 |
---------------+-------------------------------+-----
Spellcasting   | 5 6 7 8 |  8.1
Stealth        | 6 7 8 |  8.7
Invocations    | 1 2 3 4 5 6 |  6.8
Fighting       | 1 2 3 5 6 |  6.2
Long Blades    | 1 2 3 5 6 |  6.2
Axes           | 1 2 3 5 6 |  6.2
Maces & Flails | 1 2 3 5 6 |  6.2
Polearms       | 1 2 3 5 6 |  6.2
Staves         | 1 2 3 5 6 |  6.2
Ranged Weapons | 1 2 3 5 6 |  6.2
Throwing       | 1 2 3 5 6 |  6.2
Armour         | 1 2 3 5 6 |  6.2
Shields        | 1 2 3 5 6 |  6.2
Unarmed Combat | 1 2 3 5 6 |  6.2
Evocations     | 1 2 3 5 6 |  6.2
Shapeshifting  | 1 2 3 4 5 |  5.7
Conjurations   | 1 2 3 4 5 |  5.1
Summonings     | 1 2 3 4 5 |  5.1
Necromancy     | 1 2 3 4 5 |  5.1
Translocations | 1 2 3 4 5 |  5.1
Fire Magic     | 1 2 3 4 5 |  5.1
Ice Magic      | 1 2 3 4 5 |  5.1
Air Magic      | 1 2 3 4 5 |  5.1
Earth Magic    | 1 2 3 4 5 |  5.1
Alchemy        | 1 2 3 4 5 |  5.1
Short Blades   | 3 4 5 6 |  6.8
Dodging        | 5 6 7 |  7.8
Hexes          | 6 7 |  7.6

Action                     |  1- 3 |  4- 6 |  7- 9 | 10-12 || total
---------------------------+-------+-------+-------+-------++-------
  Melee: Dagger            |    67 |    80 |   334 |   265 ||   746
         Bite              |     2 |     9 |    44 |    28 ||    83
         Punch             |     1 |     2 |     9 |     8 ||    20
   Cast: Ensorcelled Hiber |     9 |    35 |    67 |    26 ||   137
         Confusing Touch   |       |       |    32 |    17 ||    49
         Dazzling Flash    |       |       |       |    24 ||    24
         Tukima's Dance    |       |       |       |    12 ||    12
    Use: Potion            |       |       |       |     2 ||     2
   Stab: Sleeping          |    15 |    24 |    50 |    27 ||   116
         Confused          |       |       |    29 |    15 ||    44
         Distracted        |       |       |     3 |       ||     3
         Invisible         |       |       |       |    12 ||    12
         Paralysed         |       |       |       |    10 ||    10
 Armour: Robe              |    31 |    31 |       |       ||    62
         Animal skin       |       |    16 |   113 |   132 ||   261
  Dodge: Dodged            |    35 |    56 |   164 |   233 ||   488
